 Dungeon Crawl Stone Soup version 0.19.4 (webtiles) character file.

150 Minion the Ruffian (level 5, -3/45 HPs)
             Began as a Ghoul Monk on Feb 2, 2017.
             Slain by Jovan's ghost (5 damage)
             ... on level 3 of the Dungeon.
             The game lasted 00:03:53 (1841 turns).

Minion the Ruffian (Ghoul Monk)                     Turns: 1841, Time: 00:03:54

Health: -3/45      AC:  5    Str: 15    XL:     5   Next: 32%
Magic:  4/4        EV: 11    Int:  5    God:
Gold:   106        SH:  0    Dex: 12    Spells: 0 memorised, 4 levels left

rFire  . . .     SeeInvis .       - Unarmed
rCold  + . .     Gourm    .     h - +0 ring mail
rNeg   + + +     Faith    .     (no shield)
rPois  ∞         Spirit   .     (no helmet)
rElec  .         Reflect  .     (no cloak)
rCorr  .         Harm     .     (no gloves)
MR     .....                    (no boots)
Stlth  +.........               (no amulet)
                                (no ring)
                                (no ring)

@: rotting
A: rotting body, claws 1, carnivore 3, cold resistance 1, negative energy
resistance 3, slow regeneration 1, torment resistance, unbreathing
a: no special abilities


You were on level 3 of the Dungeon.
You were not hungry.

You visited 1 branch of the dungeon, and saw 3 of its levels.

You collected 106 gold pieces.

Inventory:

Armour
 h - a +0 ring mail (worn)
Scrolls
 c - a scroll of magic mapping {unknown}
 d - 2 scrolls of teleportation {unknown}
 e - 4 scrolls of identify {unknown}
 g - a scroll of enchant weapon {unknown}
 i - a scroll of enchant armour {unknown}
Potions
 f - 2 potions of curing {unknown}
 j - a potion of heal wounds {unknown}
 k - a potion of agility {unknown}
 l - a potion of degeneration {unknown}
Comestibles
 a - 4 chunks of flesh
 b - a meat ration


   Skills:
 - Level 3.2 Fighting
 - Level 2.6 Dodging
 - Level 2.1 Stealth
 + Level 6.4 Unarmed Combat


You had 4 spell levels left.
You didn't know any spells.

Dungeon Overview and Level Annotations

Branches:
Dungeon (3/15)

Altars:
The Shining One

Annotations:
D:3 Jovan's ghost, amateur HuWn


Innate Abilities, Weirdness & Mutations

Your body is rotting away.
You thrive on raw meat.
You are immune to poison.
You have sharp fingernails.
You are carnivorous and can eat meat at any time.
Your flesh is cold resistant. (rC+)
You are immune to negative energy. (rN+++)
You regenerate slowly when monsters are visible.
You are immune to unholy pain and torment.
You can survive without breathing.


Message History

Jovan's ghost is severely damaged.
You scratch Jovan's ghost.
Jovan's ghost is almost destroyed.
Jovan's ghost closely misses you.
You scratch Jovan's ghost but do no damage.
Jovan's ghost is almost destroyed.
Jovan's ghost barely misses you.
You barely miss Jovan's ghost. Your claw misses Jovan's ghost.
Jovan's ghost is almost destroyed.
Jovan's ghost shouts, "You must not succeed where I failed!"
Jovan's ghost hits you!
* * * LOW HITPOINT WARNING * * *
You barely miss Jovan's ghost.
Jovan's ghost is almost destroyed.
Jovan's ghost hits you.
* * * LOW HITPOINT WARNING * * *
You scratch Jovan's ghost but do no damage.
Jovan's ghost is almost destroyed.
Jovan's ghost hits you.
You die...

. #...#.....# #
...#.#.....# #
.####.#..#..# .# #
#......## #.###.. ##.....#
##.......#
#.....###........##
#......#..........#
#(....W............
#......@........... ##
##.#)#..............
#.###....#..............
####.........(.............
.(.........#...............
##.......##.....##'##.#..
#####........####### .⌠# #
........#....##### ..#
...........#.....# ._.


You could see Jovan's ghost.

Vanquished Creatures
  Natasha (thrice) (D:3)
  3 adders (D:2)
  An ooze (D:3)
  A worm (D:3)
  A dart slug (D:2)
  3 goblins
  3 hobgoblins (D:1)
  6 jackals (D:1)
  A quokka (D:3)
  A ball python (D:3)
  6 bats
  3 frilled lizards
  6 kobolds
  8 rats
46 creatures vanquished.

Vanquished Creatures (others)
  A goblin (D:1)
1 creature vanquished.

Grand Total: 47 creatures vanquished

Notes
Turn   | Place    | Note
-------+----------+-------------------------------------------
     0 | D:1      | Minion the Ghoul Monk began the quest for the Orb.
     0 | D:1      | Reached XP level 1. HP: 19/19 MP: 0/0
   248 | D:1      | Reached XP level 2. HP: 25/26 MP: 1/1
   254 | D:1      | Reached skill level 4 in Unarmed Combat
   730 | D:1      | Reached XP level 3. HP: 30/30 MP: 2/2
  1081 | D:2      | Reached skill level 5 in Unarmed Combat
  1245 | D:2      | Reached XP level 4. HP: 36/38 MP: 3/3
  1365 | D:3      | Noticed Jovan's ghost (amateur HuWn)
  1587 | D:3      | Noticed Natasha
  1595 | D:3      | Killed Natasha
  1623 | D:3      | Noticed Natasha
  1631 | D:3      | Killed Natasha
  1631 | D:3      | Reached skill level 6 in Unarmed Combat
  1631 | D:3      | Reached XP level 5. HP: 31/44 MP: 4/4
  1636 | D:3      | Noticed Natasha
  1649 | D:3      | Killed Natasha
  1823 | D:3      | Found a glowing golden altar of the Shining One.
  1840 | D:3      | HP: 2/45 [Jovan's ghost (1)]
  1841 | D:3      | Slain by Jovan's ghost

Skill      XL: |  1  2  3  4 |
---------------+-------------+-----
Unarmed Combat | 4 5 6 |  6.4
Fighting       | |  3.2
Dodging        | |  2.6
Stealth        | |  2.1

Action                   |  1- 3 |  4- 6 || total
-------------------------+-------+-------++-------
Melee: Unarmed           |    86 |    57 ||   143
       Punch             |       |     2 ||     2
 Stab: Sleeping          |     1 |       ||     1
  Eat: Chunk             |     5 |     1 ||     6
Armor: Robe              |     6 |       ||     6
       Ring mail         |    18 |     8 ||    26
Dodge: Dodged            |    63 |    27 ||    90
